 Dungeon Crawl Stone Soup version 0.20.0-15-g7f486f2 (webtiles) character file.

175 Malak the Stinger (level 5, -9/35 HPs)
             Began as a Formicid Venom Mage on June 18, 2017.
             Was a Follower of Makhleb.
             Mangled by Menkaure (23 damage)
             ... on level 4 of the Dungeon.
             The game lasted 00:22:06 (3351 turns).

Malak the Stinger (Formicid Venom Mage)             Turns: 3351, Time: 00:22:07

Health: -9/35      AC:  2    Str: 12    XL:     5   Next: 86%
Magic:  6/8        EV: 12    Int: 20    God:    Makhleb [*.....]
Gold:   165        SH:  6    Dex: 11    Spells: 1/8 levels left

rFire    . . .     SeeInvis +   p - +0 hunting sling
rCold    . . .     Gourm    .   h - -2 buckler
rNeg     . . .     Faith    .   a - +0 robe
rPois    .         Spirit   .   (helmet unavailable)
rElec    .         Reflect  +   (no cloak)
rCorr    .         Harm     .   (no gloves)
MR       .....                  (no boots)
Stlth    ++........             t - +4 amulet of reflection
Regen    0.2/turn               d - +4 ring of intelligence
MPRegen  0.2/turn               (no ring)

@: no status effects
A: permanent stasis, dig shafts and tunnels, four strong arms, antennae 3
a: Dig, Shaft Self, Renounce Religion


You were on level 4 of the Dungeon.
You worshipped Makhleb.
Makhleb was aware of your devotion.
You were not hungry.

You visited 1 branch of the dungeon, and saw 4 of its levels.

You collected 165 gold pieces.

Inventory:

Hand Weapons
 e - a +0 mace
 f - a +0 club
 j - a +0 dagger
 p - a +0 hunting sling (weapon)
 y - a +1 dagger of venom
 C - a cursed +0 great mace
Missiles
 q - 35 stones (quivered)
Armour
 a - a +0 robe (worn)
 h - a -2 buckler (worn)
Jewellery
 d - a +4 ring of intelligence (left hand)
 t - a +4 amulet of reflection (around neck)
Wands
 s - a wand of random effects (29/48)
 B - a wand of disintegration (12/24)
Scrolls
 g - 4 scrolls of remove curse
 m - a scroll of noise {unknown}
 n - a scroll of magic mapping {unknown}
 o - a scroll of identify {unknown}
 r - a scroll of immolation {unknown}
 u - 2 scrolls of enchant weapon {unknown}
 v - a scroll of fog {unknown}
 A - a scroll of fear {unknown}
Potions
 z - a potion of degeneration {unknown}
Books
 b - a Young Poisoner's Handbook

   Spells                             Type                      Level
   a - Sting                          Conjuration/Poison           1
   b - Poisonous Vapours              Poison/Air                   2
   c - Mephitic Cloud                 Conjuration/Poison/Air       3
   d - Olgreb's Toxic Radiance        Poison                       4
   e - Venom Bolt                     Conjuration/Poison           5
Comestibles
 c - 4 bread rations
 i - 3 royal jellies


   Skills:
 - Level 1.7 Dodging
 - Level 2.4 Stealth
 - Level 2.0 Shields
 - Level 2.1 Spellcasting
 - Level 0.8 Conjurations
 + Level 7.5 Poison Magic


You had one spell level left.
You knew the following spells:

 Your Spells              Type           Power        Failure   Level  Hunger
a - Sting                 Conj/Pois      ###.         3%          1    #......
b - Poisonous Vapours     Pois/Air       ###...       5%          2    ##.....
c - Olgreb's Toxic Radia  Pois           ####....     8%          4    #####..


Dungeon Overview and Level Annotations

Branches:
Dungeon (4/15)
 Temple: D:4-7

Altars:
Hepliaklqana
Makhleb

Annotations:
D:4 Menkaure


Innate Abilities, Weirdness & Mutations

You cannot be hasted, slowed, berserked, paralysed or teleported.
You can dig through walls and to a lower floor.
Your four strong arms can wield two-handed weapons with a shield.
You have a pair of large antennae on your head. (SInv)


Message History

You shoot a stone. The stone hits Menkaure.
Menkaure is lightly damaged.
Menkaure gestures ominously.
Menkaure calls on the powers of darkness!
Your body is wracked with pain!
* * * LOW HITPOINT WARNING * * *
Menkaure mumbles in an indecipherable tongue.
Menkaure calls on the powers of darkness!
Your body is wracked with pain!
* * * LOW HITPOINT WARNING * * *
You feel very buoyant.
You fly up into the air.
There is a stone staircase leading up here.
Menkaure mumbles, "Let me perform the rites..."
You feel better. Menkaure barely misses you.
It was a potion of cancellation.
Your magical effects are unravelling.
You feel magically purged.
You float gracefully downwards.
Menkaure hits you!!
Ouch! That really hurt!
You die...

##..# #...#
#.#.#
#.#.########
#.#........#
#.(.######.#
#(#.# #<#
#.#.######.#
........@M.#
.........##.#
##.#......
#.# #........
..#
#######..##.#
#.. #.# #..
#.# #.. .#


You could see Menkaure.

Vanquished Creatures
  An orc wizard (D:3)
  Ijyb (D:3)
  A worker ant zombie (D:4)
  2 adders
  2 worms (D:2)
  2 dart slugs
  3 leopard geckos
  5 orcs (D:3)
  3 giant cockroaches
  11 goblins
  8 hobgoblins
  9 jackals
  3 quokkas
  2 ball pythons (D:1)
  3 bats
  7 kobolds
  4 rats
67 creatures vanquished.

Notes
Turn   | Place    | Note
-------+----------+-------------------------------------------
     0 | D:1      | Malak the Formicid Venom Mage began the quest for the Orb.
     0 | D:1      | Reached XP level 1. HP: 13/13 MP: 3/3
   129 | D:1      | Reached XP level 2. HP: 19/19 MP: 0/5
   195 | D:1      | Learned a level 2 spell: Poisonous Vapours
   330 | D:1      | Reached skill level 5 in Poison Magic
   606 | D:1      | Reached XP level 3. HP: 23/24 MP: 0/6
   739 | D:1      | Reached skill level 1 in Shields
   830 | D:2      | Found a faded altar of an unknown god.
  1121 | D:2      | Found a hazy altar of Hepliaklqana.
  1333 | D:2      | Reached XP level 4. HP: 14/30 MP: 4/7
  1465 | D:2      | Learned a level 4 spell: Olgreb's Toxic Radiance
  1866 | D:2      | Found a burning altar of Makhleb.
  1871 | D:2      | Became a worshipper of Makhleb the Destroyer
  2036 | D:2      | Reached skill level 6 in Poison Magic
  2278 | D:3      | Reached XP level 5. HP: 7/35 MP: 0/8
  2544 | D:3      | Reached skill level 7 in Poison Magic
  2606 | D:3      | Noticed Ijyb
  2615 | D:3      | Killed Ijyb
  3026 | D:3      | Reached * piety under Makhleb
  3300 | D:4      | Noticed Menkaure
  3351 | D:4      | Mangled by Menkaure

Skill      XL: |  1  2  3  4  5 |
---------------+----------------+-----
Poison Magic   | 5 6 7 |  7.5
Shields        | 2 |  2.0
Dodging        | |  1.7
Stealth        | |  2.4
Spellcasting   | |  2.1
Conjurations   | |  0.8

Action                   |  1- 3 |  4- 6 || total
-------------------------+-------+-------++-------
Melee: Unarmed           |     4 |       ||     4
       Dagger            |     1 |       ||     1
 Fire: Hunting sling     |    11 |    38 ||    49
 Cast: Sting             |    11 |     3 ||    14
       Poisonous Vapours |    24 |    31 ||    55
       Olgreb's Toxic Ra |       |     4 ||     4
  Use: Scroll            |     3 |       ||     3
       Potion            |       |     5 ||     5
  Eat: Chunk             |     3 |     9 ||    12
Armor: Robe              |     4 |     4 ||     8
Dodge: Dodged            |     5 |    23 ||    28
Block: Buckler           |     1 |    14 ||    15
